 Dungeon Crawl Stone Soup version 0.21.1-1-g345015fe64 (webtiles) character file.

324 Holzbalken the Cudgeler (level 6, 0/37 HPs)
             Began as a Gargoyle Monk on July 15, 2018.
             Slain by a river rat (5 damage)
             ... in a sewer.
             The game lasted 00:15:23 (3368 turns).

Holzbalken the Cudgeler (Gargoyle Monk)             Turns: 3368, Time: 00:15:23

Health: 0/37       AC: 10    Str: 17    XL:     6   Next: 48%
Magic:  6/6        EV: 10    Int: 10    God:
Gold:   180        SH:  0    Dex: 12    Spells: 5/5 levels left

rFire    . . .     SeeInvis .   i - +0 flail
rCold    . . .     Gourm    .   (no shield)
rNeg     + . .     Faith    .   o - +0 scale mail
rPois    ∞         Spirit   .   (no helmet)
rElec    +         Reflect  .   (no cloak)
rCorr    .         Harm     .   (no gloves)
MR       .....                  (no boots)
Stlth    +.........             (no amulet)
HPRegen  0.12/turn              (no ring)
MPRegen  0.10/turn              (no ring)

@: no status effects
A: negative energy resistance 1, electricity resistance, unbreathing,
petrification resistance, rot immunity, AC +4
a: no special abilities


You were in a sewer.
You were not hungry.

You visited 1 branch of the dungeon, and saw 4 of its levels.
You also visited: Sewer.

You collected 180 gold pieces.

Inventory:

Hand Weapons
 i - a +0 flail (weapon)
Missiles
 n - 3 tomahawks (quivered)
Armour
 b - a +0 robe
 f - a +0 leather armour
 o - a +0 scale mail (worn)
Scrolls
 d - a scroll of amnesia {unknown}
 e - 3 scrolls of remove curse {unknown}
 g - a scroll of fear {unknown}
 h - 4 scrolls of identify {unknown}
 k - a scroll of fog {unknown}
 p - a scroll of enchant weapon {unknown}
Potions
 a - 2 potions of brilliance
 j - a potion of cancellation {unknown}
 l - a potion of agility {unknown}
 m - a potion of curing
 q - 2 potions of heal wounds {unknown}
 r - 2 potions of mutation {unknown}
 s - 2 potions of berserk rage {unknown}
Comestibles
 c - 10 rations
 t - 5 chunks of flesh


   Skills:
 - Level 3.2 Fighting
 + Level 7.1 Maces & Flails
 - Level 2.4 Dodging
 - Level 2.1 Stealth


You had 5 spell levels left.
You didn't know any spells.

Dungeon Overview and Level Annotations

Branches:
Dungeon (4/15)
 Temple: D:4-7

Altars:
Makhleb
Yredelemnul

Annotations:
D:4 Edmund


Innate Abilities, Weirdness & Mutations

You are resistant to torment.
Your stone body is resilient. (AC +4)
You are immune to poison.
You resist negative energy. (rN+)
You are resistant to electric shocks. (rElec)
You can survive without breathing.
You are immune to petrification.
You are immune to rotting.


Message History

The river rat barely misses you.
You hit the river rat.
You kill the river rat!
The river rat barely misses you.
You hit the river rat.
The river rat is heavily wounded.
The river rat completely misses you. The river rat bites you.
* * * LOW HITPOINT WARNING * * *
You completely miss the river rat.
The river rat is heavily wounded.
The river rat bites you but does no damage.
The river rat barely misses you.
You barely miss the river rat.
The river rat is heavily wounded.
The river rat barely misses you.
The river rat bites you but does no damage.
You hit the river rat but do no damage.
The river rat is heavily wounded.
The river rat bites you.
You die...

###
#.#
#.#
#.#
#.#
#∩#
#r#
#@#
#r#
#r#
#.#
#.#
#.#
#.#
#≈#
#≈#


You could see 2 river rats and a rat.

Vanquished Creatures
  A hound (D:3)
  An orc priest (D:3)
  An orc wizard (D:2)
  A worker ant (D:4)
  9 gnolls
  4 adders
  A river rat (Sewer)
  2 worms (D:2)
  3 dart slugs
  4 leopard geckos
  3 orcs
  A ball python (D:4)
  7 giant cockroaches
  8 goblins
  8 hobgoblins
  3 jackals
  6 bats
  5 frilled lizards
  A kobold (D:1)
  6 rats
  4 toadstools (D:1)
79 creatures vanquished.

Notes
Turn   | Place    | Note
-------+----------+-------------------------------------------
     0 | D:1      | Holzbalken the Gargoyle Monk began the quest for the Orb.
     0 | D:1      | Reached XP level 1. HP: 14/14 MP: 1/1
   145 | D:1      | Reached XP level 2. HP: 18/19 MP: 2/2
   304 | D:1      | Reached skill level 4 in Maces & Flails
   304 | D:1      | Reached XP level 3. HP: 11/23 MP: 3/3
  1044 | D:1      | Reached XP level 4. HP: 26/28 MP: 4/4
  1212 | D:2      | Reached skill level 5 in Maces & Flails
  2062 | D:2      | Reached XP level 5. HP: 13/32 MP: 5/5
  2272 | D:3      | Reached skill level 6 in Maces & Flails
  2317 | D:3      | Found a basalt altar of Yredelemnul.
  2367 | D:3      | Found a burning altar of Makhleb.
  2529 | D:3      | Reached XP level 6. HP: 34/37 MP: 6/6
  3068 | D:4      | Noticed Edmund
  3238 | D:4      | Reached skill level 7 in Maces & Flails
  3298 | D:4      | Found a glowing drain.
  3340 | Sewer    | Entered a sewer
  3368 | Sewer    | Slain by a river rat

Skill      XL: |  1  2  3  4  5  6 |
---------------+-------------------+-----
Maces & Flails | 4 5 6 7 |  7.1
Fighting       | |  3.2
Dodging        | |  2.4
Stealth        | |  2.1

Action                   |  1- 3 |  4- 6 || total
-------------------------+-------+-------++-------
Melee: Mace              |    42 |       ||    42
       Flail             |    58 |   202 ||   260
  Use: Potion            |       |     2 ||     2
 Stab: Sleeping          |     1 |     2 ||     3
       Distracted        |       |     1 ||     1
  Eat: Chunk             |     1 |     7 ||     8
Armor: Leather armour    |    42 |     2 ||    44
       Scale mail        |       |   128 ||   128
Dodge: Dodged            |    51 |   166 ||   217
